 Dungeon Crawl Stone Soup version 0.26.0-10-g1f06aea511 (webtiles) character file.

Game seed: 12004384449960003361

348 Borgoz the Slasher (level 6, -2/42 HPs)
             Began as a Gargoyle Berserker on Jan 18, 2021.
             Was a Believer of Trog.
             Slain by a lemure (5 damage)
             ... led by Pikel
             ... on level 6 of the Dungeon.
             The game lasted 00:03:09 (2232 turns).

Borgoz the Slasher (Gargoyle Berserker)             Turns: 2232, Time: 00:03:10

Health: -2/42      AC: 13    Str: 21    XL:     6   Next: 60%
Magic:  6/6        EV: 14    Int:  7    God:    Trog [**....]
Gold:   205        SH:  0    Dex: 11    Spells: 5/5 levels left

rFire    + . .     SeeInvis .   a - +0 falchion
rCold    . . .     Faith    .   (no shield)
rNeg     + . .     Spirit   .   j - +0 ring mail
rPois    ∞         Reflect  .   (no helmet)
rElec    +         Harm     .   k - +0 cloak
rCorr    .         Rampage  .   b - +0 pair of gloves
Will     ++...                  (no boots)
Stlth    +.........             (no amulet)
HPRegen  1.14/turn              d - ring of protection from fire
MPRegen  0.10/turn              (no ring)

@: brilliant, berserk cooldown, regenerating, slowed, very slow
A: negative energy resistance 1, electricity resistance, unbreathing,
petrification resistance, miasma immunity, AC +4
a: Renounce Religion, Berserk, Trog's Hand


You were on level 6 of the Dungeon.
You worshipped Trog.
Trog was pleased with you.
You visited 1 branch of the dungeon, and saw 4 of its levels.

You collected 205 gold pieces.

Inventory:

Hand Weapons
 a - a +0 falchion (weapon)
Armour
 b - a +0 pair of gloves (worn)
 j - a +0 ring mail (worn)
 k - a +0 cloak (worn)
Jewellery
 d - a ring of protection from fire (left hand)
 o - an uncursed ring of willpower {unknown}
Wands
 m - a wand of paralysis (8)
Scrolls
 c - 3 scrolls of remove curse {unknown}
 e - 4 scrolls of identify {unknown}
 g - 2 scrolls of teleportation {unknown}
 i - 2 scrolls of blinking {unknown}
 l - a scroll of immolation {unknown}
 q - a scroll of fear {unknown}
Potions
 h - a potion of haste {unknown}
 n - a potion of berserk rage {unknown}


   Skills:
 + Level 6.9 Fighting
 + Level 7.3 Long Blades
 + Level 6.4 Armour
 + Level 6.3 Dodging


You had 5 spell levels left.
You didn't know any spells.
Your spell library was empty.

Dungeon Overview and Level Annotations

Branches:
Dungeon (3/15)

Altars:

Annotations:
D:6 Pikel


Innate Abilities, Weirdness & Mutations

You are resistant to torment.
Your stone body is resilient. (AC +4)
You are immune to poison.
You resist negative energy. (rN+)
You are resistant to electric shocks. (rElec)
You can survive without breathing.
You are immune to petrification.
You are immune to miasma.


Message History

The lemure misses you.
You riposte.
You barely miss the lemure.
It was a potion of experience.
You feel more experienced!
Your Fighting skill gained 2 levels and is now at level 6!
Your Long Blades skill gained 4 levels and is now at level 7!
Your Armour skill gained 3 levels and is now at level 6!
Your Dodging skill gained 4 levels and is now at level 6!
You have reached level 6!
Your experience leads to an increase in your attributes!
Increase (S)trength, (I)ntelligence, or (D)exterity?
You feel agile. The lemure hits you.
* * * LOW HITPOINT WARNING * * *
The lemure hits you but does no damage. Something hits you but does no damage.
The lemure hits you.
* * * LOW HITPOINT WARNING * * *
It was a potion of brilliance.
You feel clever all of a sudden. The lemure misses you.
The lemure completely misses you. The lemure hits you.
You die...

...............#
...<...........#
...............#
...............#
...............#
...............#
...............#
...............#
...........@...#
.....####.5{5###
..... #..55#
..... +....#
....####..†.#####
..............#
.....$..........
................
................


You could see 4 lemures.

Vanquished Creatures
  Ijyb (D:2)
  Robin (D:3)
  4 gnolls
  An adder (D:2)
  An ooze (D:1)
  4 worms
  2 dart slugs
  3 leopard geckos
  An orc (D:3)
  A giant cockroach (D:2)
  22 goblins
  8 hobgoblins
  7 kobolds
  A quokka (D:3)
  2 ball pythons
  6 bats
  2 frilled lizards
  7 rats
74 creatures vanquished.

Notes
Turn   | Place    | Note
-------+----------+-------------------------------------------
     0 | D:1      | Borgoz the Gargoyle Berserker began the quest for the Orb.
     0 | D:1      | Reached XP level 1. HP: 14/14 MP: 1/1
   343 | D:1      | Reached XP level 2. HP: 17/19 MP: 2/2
   592 | D:1      | Reached XP level 3. HP: 23/23 MP: 3/3
   675 | D:1      | Reached skill level 3 in Long Blades
  1135 | D:2      | Noticed Ijyb
  1146 | D:2      | Paralysed by Ijyb for 2 turns
  1153 | D:2      | Killed Ijyb
  1153 | D:2      | Reached ** piety under Trog
  1154 | D:2      | Reached XP level 4. HP: 29/29 MP: 4/4
  1557 | D:2      | Found a faded altar of an unknown god.
  1884 | D:2      | Reached XP level 5. HP: 5/33 MP: 5/5
  2123 | D:3      | Noticed Robin
  2130 | D:3      | Killed Robin
  2194 | D:3      | You fall into a shaft and drop 3 floors!
  2205 | D:6      | Noticed a lemure
  2206 | D:6      | Noticed a lemure
  2206 | D:6      | Noticed Pikel
  2208 | D:6      | Noticed a lemure
  2212 | D:6      | Noticed a lemure
  2230 | D:6      | Reached skill level 7 in Long Blades
  2230 | D:6      | Reached XP level 6. HP: 8/42 MP: 6/6
  2231 | D:6      | HP: 1/42 [lemure[Pikel] (5)]
  2232 | D:6      | Slain by a lemure

Illustrated notes

Levels and vault maps discovered:
D:1:      dpeg_arrival_shelter, layout_loops_ring
D:2:      kennysheep_the_goblin_king, layout_loops_ring,
          chequers_ecumenical_altar_grove, chequers_serial_rivers_micro_b,
          supply_closet_lemuel
D:3:      layout_rooms, ebering_ghost_inner_flame, uniq_robin
D:6:      layout_gridville, uniq_pikel

Skill      XL: |  1  2  3  4  5 |
---------------+----------------+-----
Long Blades    | 3 7 |  7.3
Dodging        | 2 6 |  6.3
Armour         | 3 6 |  6.4
Fighting       | 4 6 |  6.9

Action                   |  1- 3 |  4- 6 || total
-------------------------+-------+-------++-------
Melee: Falchion          |    84 |   115 ||   199
Invok: Berserk           |     1 |     4 ||     5
       Trog's Hand       |       |     2 ||     2
  Use: Potion            |       |     2 ||     2
Armor: Animal skin       |     8 |       ||     8
       Ring mail         |    42 |    73 ||   115
Dodge: Dodged            |    66 |    86 ||   152
       Rpst.: Falchion   |    20 |    23 ||    43
